WCHLSIM.com - West Coast Hockey League
html PUBLIC "-//W3C//DTD XHTML 1.0 Transitional//EN" "http://www.w3.org/TR/xhtml1/DTD/xhtml1-transitional.dtd"> WCHL - Game 971 - KANSAS CITY KILLERBEES vs KELOWNA ROCKETS

KANSAS CITY KILLERBEES vs KELOWNA ROCKETS

Created - 7 mars 2024 at 20:07

Goals
1 2 3 T
KANSAS CITY KILLERBEES 1 0 1 2
KELOWNA ROCKETS 0 1 3 4
Shots
1 2 3 T
KANSAS CITY KILLERBEES 9 12 7 28
KELOWNA ROCKETS 16 12 12 40

1st period

1. KANSAS CITY KILLERBEES , Tyler Johnson 13 (Sean Walker 11, Alexis Lafreniere 18) at 1:42 (PP)

Penalties :
Kyle Burroughs (KEL) for Holding (Minor) at 1:18, Nicholas Paul (KCK) for Roughing (Minor) at 4:55, Alexis Lafreniere (KCK) for High sticking (Minor) at 9:00

2nd period

2. KELOWNA ROCKETS , Adam Fox 12 (J.T. Compher 36) at 2:01

Penalties :
Dmitri Orlov (KEL) for Hooking (Minor) at 15:24

3rd period

3. KANSAS CITY KILLERBEES , Alexis Lafreniere 10 (Tyler Johnson 24, Nicholas Paul 16) at 8:25 (PP)
4. KELOWNA ROCKETS , Calle Jarnkrok 11 (Anthony DeAngelo 18, Pavel Dorofeyev 8) at 10:40
5. KELOWNA ROCKETS , J.T. Compher 32 (Vladimir Tarasenko 30, Anthony DeAngelo 19) at 11:13
6. KELOWNA ROCKETS , Auston Matthews 37 (Valeri Nichushkin 34) at 13:13

Penalties :
Adam Fox (KEL) for High sticking (Minor) at 7:19, Auston Matthews (KEL) for High sticking (Minor) at 13:55, Morgan Barron (KCK) for Tripping (Minor) at 19:53

Goalie Stats

John Gibson (KCK), 36 saves from 40 shots - (0,900), L, 9-28-3, 60:00 minutes
Antti Raanta (KEL), 26 saves from 28 shots - (0,929), W, 11-7-2, 60:00 minutes

Players Stats for KANSAS CITY KILLERBEES

Player Name              G  A  P  +/- PIM S  H  SB GA TA FO     MP     PP MP  PK MP  
------------------------------------------------------------------------------------
Alexis Lafreniere        1  1  2  -2  2   2  4  0  0  0  0/0    18:12   2:37   0:25 
Boone Jenner             0  0  0  -2  0   2  3  0  0  0  20/32  22:51   2:51   2:54 
Daniel Walcott           0  0  0   0  0   0  4  2  0  0  0/0    16:10   0:00   0:00 
Denis Gurianov           0  0  0   0  0   2  0  0  0  0  0/1     5:25   0:00   0:00 
Jacob Muzzin             0  0  0  -3  0   0  3  1  0  0  0/0    21:25   2:49   1:02 
Jakub Voracek            0  0  0   0  0   1  0  0  0  0  0/0    12:46   0:00   0:00 
James van Riemsdyk       0  0  0  -2  0   1  0  0  0  0  0/3    19:12   2:51   1:10 
Jaret Anderson-Dolan     0  0  0   0  0   1  0  0  0  0  0/0     5:25   0:00   0:00 
K'Andre Miller           0  0  0  -1  0   0  1  1  0  0  0/0    22:57   2:39   3:02 
MacKenzie Entwistle      0  0  0   0  0   1  2  0  0  0  2/3     5:25   0:00   0:00 
Mattias Ekholm           0  0  0  -2  0   3  0  3  0  0  0/0    24:50   2:39   3:02 
Morgan Barron            0  0  0   0  2   3  1  0  0  0  7/23   12:45   0:00   0:00 
Nicholas Paul            0  1  1  -2  2   2  0  0  0  0  1/2    20:10   2:37   0:28 
Philipp Kurashev         0  0  0  -2  0   4  0  0  0  0  0/0    19:57   2:51   0:00 
Riley Stillman           0  0  0  -2  0   0  3  1  0  0  0/0    15:09   0:00   0:00 
Sean Walker              0  1  1   0  0   1  0  0  0  0  0/0    19:29   2:49   1:02 
Tyler Johnson            1  1  2  -2  0   5  0  1  0  0  4/24   20:42   2:37   2:54 
Zach Aston-Reese         0  0  0   0  0   0  0  0  0  0  0/0    13:03   0:00   0:17 

Players Stats for KELOWNA ROCKETS

Player Name              G  A  P  +/- PIM S  H  SB GA TA FO     MP     PP MP  PK MP  
------------------------------------------------------------------------------------
Adam Fox                 1  0  1   2  2   3  0  1  0  0  0/0    22:13   2:05   1:53 
Anthony DeAngelo         0  2  2   2  0   2  1  1  0  0  0/0    21:39   1:59   2:52 
Auston Matthews          1  0  1   1  2   5  1  0  0  0  19/30  19:26   2:04   0:14 
Calle Jarnkrok           1  0  1   1  0   6  0  0  0  0  1/2    14:29   0:00   0:33 
Derek Ryan               0  0  0   0  0   0  0  0  0  0  0/0     3:23   0:00   0:00 
Dmitri Orlov             0  0  0   2  2   0  6  0  0  0  0/0    22:03   2:05   1:43 
Erik Brannstrom          0  0  0   0  0   1  0  1  0  0  0/0    17:23   1:59   0:00 
J.T. Compher             1  1  2   2  0   7  2  2  0  0  20/32  22:25   2:00   4:25 
Kyle Burroughs           0  0  0   0  2   0  1  1  0  0  0/0    17:15   0:00   1:52 
Lukas Sedlak             0  0  0   0  0   1  0  0  0  0  0/0     3:23   0:00   0:00 
Mark Giordano            0  0  0   2  0   0  4  0  0  0  0/0    19:24   0:00   2:36 
Noah Gregor              0  0  0   0  0   1  0  0  0  0  1/4     3:23   0:00   0:00 
Pavel Buchnevich         0  0  0   1  0   4  1  0  0  0  1/1    19:43   2:04   0:30 
Pavel Dorofeyev          0  1  1   1  0   2  0  0  0  0  0/1    13:56   0:00   0:00 
Tomas Nosek              0  0  0   1  0   0  2  1  0  0  12/16  13:56   0:00   0:00 
Tyler Bertuzzi           0  0  0   2  0   2  2  0  0  0  0/0    18:00   2:00   0:00 
Valeri Nichushkin        0  1  1   1  0   2  1  1  0  0  0/1    23:21   2:00   4:12 
Vladimir Tarasenko       0  1  1   2  0   4  4  0  0  0  0/1    19:06   2:04   1:02 

3 Stars

1 - J.T. Compher (KEL)
2 - Anthony DeAngelo (KEL)
3 - Vladimir Tarasenko (KEL)

Power Play

KANSAS CITY KILLERBEES - 2 on 4 Attempt(s) - 50,00%
KELOWNA ROCKETS - 0 on 3 Attempt(s) - 0,00%

Penalty Kill

KANSAS CITY KILLERBEES - 3 on 3 Attempt(s) - 100,00% - Score 0 goal in Penalty Kill
KELOWNA ROCKETS - 2 on 4 Attempt(s) - 50,00% - Score 0 goal in Penalty Kill

Team Stat

KANSAS CITY KILLERBEES - Hits : 21 - Faceoff Wins : 34 - Blocked Shots : 9 - Penalty Minutes : 6
KELOWNA ROCKETS - Hits : 25 - Faceoff Wins : 54 - Blocked Shots : 8 - Penalty Minutes : 8

Official

Referees : Adam Bloski and Andrew Wilk
Linesman : Neil Campbell and Colin Gates

Game Notes

No Game Note

Finance

Level 1 -- Attendance: 6600 (100,00%) -- Ticket Income 818 400 $
Level 2 -- Attendance: 5600 (100,00%) -- Ticket Income 526 400 $
Level 3 -- Attendance: 3200 (100,00%) -- Ticket Income 204 800 $
Level 4 -- Attendance: 4960 (88,57%) -- Ticket Income 267 840 $
Luxury Box -- Attendance: 1000 (100,00%) -- Ticket Income 259 000 $
Game was played at the Cherepanov Coliseum.
Total Attendance: 21360 (97,09%)
Total Ticket Income: 2 076 440 $
Other Expense: 20 764 $
Total Income: 2 055 676 $

KANSAS CITY KILLERBEES

5 vs 5 Forward 
   Center                   Left Wing                Right Wing               Time % Phy DF OF 
 1 Boone Jenner             Nicholas Paul            Philipp Kurashev         36     1   2  2  
 2 Tyler Johnson            James van Riemsdyk       Alexis Lafreniere        31     1   2  2  
 3 Morgan Barron            Zach Aston-Reese         Jakub Voracek            23     1   2  2  
 4 MacKenzie Entwistle      Jaret Anderson-Dolan     Denis Gurianov           10     1   2  2  

5 vs 5 Defense 
   Defense                  Defense                                           Time % Phy DF OF 
 1 Mattias Ekholm           K'Andre Miller                                    36     1   2  2  
 2 Riley Stillman           Jacob Muzzin                                      31     1   2  2  
 3 Daniel Walcott           Sean Walker                                       23     1   2  2  
 4 Mattias Ekholm           Jacob Muzzin                                      10     1   2  2  

PowerPlay Forward 
   Center                   Left Wing                Right Wing               Time % Phy DF OF 
 1 Boone Jenner             James van Riemsdyk       Philipp Kurashev         55     1   2  2  
 2 Tyler Johnson            Nicholas Paul            Alexis Lafreniere        45     1   2  2  

PowerPlay Defense
   Defense                  Defense                                           Time % Phy DF OF 
 1 Mattias Ekholm           K'Andre Miller                                    55     1   2  2  
 2 Sean Walker              Jacob Muzzin                                      45     1   2  2  

Penalty Kill 4 Players Forward 
   Center                   Wing                     Time % Phy DF OF 
 1 Boone Jenner             Tyler Johnson            55     1   2  2  
 2 James van Riemsdyk       Nicholas Paul            45     1   2  2  

Penalty Kill 4 Players Defense
   Defense                  Defense                  Time % Phy DF OF 
 1 Mattias Ekholm           K'Andre Miller           55     1   2  2  
 2 Sean Walker              Jacob Muzzin             45     1   2  2  

Penalty Kill - 3 Players Forward 
   Forward                                           Time % Phy DF OF 
 1 Boone Jenner                                      55     1   2  2  
 2 Tyler Johnson                                     45     1   2  2  

Penalty Kill - 3 Players Defense
   Defense                  Defense                  Time % Phy DF OF 
 1 Mattias Ekholm           K'Andre Miller           55     1   2  2  
 2 Sean Walker              Jacob Muzzin             45     1   2  2  

4 vs 4 Forward 
   Center                   Wing                     Time % Phy DF OF 
 1 Boone Jenner             Tyler Johnson            55     1   2  2  
 2 James van Riemsdyk       Nicholas Paul            45     1   2  2  

4 vs 4 Defense
   Defense                  Defense                  Time % Phy DF OF 
 1 Mattias Ekholm           K'Andre Miller           55     1   2  2  
 2 Sean Walker              Jacob Muzzin             45     1   2  2  

Last Minutes Offensive
   Center                   Left Wing                Right Wing               Defense                  Defense                  
   Boone Jenner             James van Riemsdyk       Philipp Kurashev         Mattias Ekholm           K'Andre Miller           

Last Minutes Defensive
   Center                   Left Wing                Right Wing               Defense                  Defense                  
   Boone Jenner             James van Riemsdyk       Philipp Kurashev         Mattias Ekholm           K'Andre Miller           

Goaltenders
Starting : John Gibson              
Backup : Ilya Samsonov            

Extra Forwards
Normal : Jakub Voracek, Morgan Barron, Zach Aston-Reese - PP : Jakub Voracek, Morgan Barron - PK : Zach Aston-Reese
Extra Defensemen
Normal : Daniel Walcott, Mattias Ekholm, Sean Walker - PP : Daniel Walcott - PK : Mattias Ekholm, Sean Walker
Penalty Shots
Boone Jenner, Tyler Johnson, James van Riemsdyk, Nicholas Paul, Philipp Kurashev
Custom OT Lines Forwards
Boone Jenner, Tyler Johnson, James van Riemsdyk, Nicholas Paul, Philipp Kurashev, Alexis Lafreniere, Jakub Voracek, Morgan Barron, Zach Aston-Reese, MacKenzie Entwistle
Custom OT Lines Defensemen
Mattias Ekholm, K'Andre Miller, Sean Walker, Jacob Muzzin, Daniel Walcott

Scratches
Anders Bjork (Healthy), Andreas Englund (Healthy), Nicolas Aube-Kubel (Healthy), Will Butcher (Healthy), Cal Petersen (Left Hand Injury)
Jake Kupsky (Healthy)

KELOWNA ROCKETS

5 vs 5 Forward 
   Center                   Left Wing                Right Wing               Time % Phy DF OF 
 1 Auston Matthews          Pavel Buchnevich         Valeri Nichushkin        36     0   2  3  
 2 J.T. Compher             Tyler Bertuzzi           Vladimir Tarasenko       36     0   2  3  
 3 Tomas Nosek              Calle Jarnkrok           Pavel Dorofeyev          28     0   4  1  
 4 Noah Gregor              Lukas Sedlak             Derek Ryan               0      0   3  2  

5 vs 5 Defense 
   Defense                  Defense                                           Time % Phy DF OF 
 1 Adam Fox                 Dmitri Orlov                                      37     0   4  1  
 2 Mark Giordano            Anthony DeAngelo                                  35     0   4  1  
 3 Erik Brannstrom          Kyle Burroughs                                    28     0   4  1  
 4 Dmitri Orlov             Mark Giordano                                     0      0   3  2  

PowerPlay Forward 
   Center                   Left Wing                Right Wing               Time % Phy DF OF 
 1 Auston Matthews          Pavel Buchnevich         Vladimir Tarasenko       65     0   0  5  
 2 J.T. Compher             Tyler Bertuzzi           Valeri Nichushkin        35     0   0  5  

PowerPlay Defense
   Defense                  Defense                                           Time % Phy DF OF 
 1 Adam Fox                 Dmitri Orlov                                      65     0   1  4  
 2 Anthony DeAngelo         Erik Brannstrom                                   35     0   1  4  

Penalty Kill 4 Players Forward 
   Center                   Wing                     Time % Phy DF OF 
 1 J.T. Compher             Valeri Nichushkin        65     0   5  0  
 2 Auston Matthews          Pavel Buchnevich         35     0   5  0  

Penalty Kill 4 Players Defense
   Defense                  Defense                  Time % Phy DF OF 
 1 Adam Fox                 Mark Giordano            55     0   5  0  
 2 Dmitri Orlov             Anthony DeAngelo         45     0   5  0  

Penalty Kill - 3 Players Forward 
   Forward                                           Time % Phy DF OF 
 1 J.T. Compher                                      50     0   5  0  
 2 Auston Matthews                                   50     0   5  0  

Penalty Kill - 3 Players Defense
   Defense                  Defense                  Time % Phy DF OF 
 1 Adam Fox                 Mark Giordano            55     0   5  0  
 2 Dmitri Orlov             Anthony DeAngelo         45     0   5  0  

4 vs 4 Forward 
   Center                   Wing                     Time % Phy DF OF 
 1 Auston Matthews          Vladimir Tarasenko       55     0   1  4  
 2 J.T. Compher             Pavel Buchnevich         45     0   1  4  

4 vs 4 Defense
   Defense                  Defense                  Time % Phy DF OF 
 1 Adam Fox                 Dmitri Orlov             55     0   2  3  
 2 Mark Giordano            Anthony DeAngelo         45     0   2  3  

Last Minutes Offensive
   Center                   Left Wing                Right Wing               Defense                  Defense                  
   Auston Matthews          Pavel Buchnevich         Valeri Nichushkin        Adam Fox                 Dmitri Orlov             

Last Minutes Defensive
   Center                   Left Wing                Right Wing               Defense                  Defense                  
   Auston Matthews          J.T. Compher             Valeri Nichushkin        Adam Fox                 Dmitri Orlov             

Goaltenders
Starting : Antti Raanta             
Backup : Pavel Francouz           

Extra Forwards
Normal : Auston Matthews, Pavel Buchnevich, Vladimir Tarasenko - PP : Pavel Dorofeyev, Calle Jarnkrok - PK : Vladimir Tarasenko
Extra Defensemen
Normal : Anthony DeAngelo, Dmitri Orlov, Mark Giordano - PP : Mark Giordano - PK : Kyle Burroughs, Erik Brannstrom
Penalty Shots
Auston Matthews, Vladimir Tarasenko, Pavel Buchnevich, Valeri Nichushkin, J.T. Compher
Custom OT Lines Forwards
Auston Matthews, Pavel Buchnevich, J.T. Compher, Valeri Nichushkin, Calle Jarnkrok, Vladimir Tarasenko, Tomas Nosek, Tyler Bertuzzi, Derek Ryan, Pavel Dorofeyev
Custom OT Lines Defensemen
Adam Fox, Mark Giordano, Dmitri Orlov, Anthony DeAngelo, Kyle Burroughs

Scratches
Parker Kelly (Healthy), Alex Stalock (Broken Bone (Right Leg) Injury)

% Time on Ice - KANSAS CITY KILLERBEES

Lines # - Real PCT - Wanted PCT - Time Play
Normal Forward
1 - 34% - 36% - 17:06
2 - 30% - 31% - 15:11
3 - 25% - 23% - 12:46
4 - 11% - 10% - 5:25
Normal Defense
1 - 34% - 36% - 17:16
2 - 29% - 31% - 14:46
3 - 31% - 23% - 15:38
4 - 6% - 10% - 2:48
PP Forward
1 - 52% - 55% - 2:51
2 - 48% - 45% - 2:37
PP Defense
1 - 48% - 55% - 2:39
2 - 52% - 45% - 2:49
PK Forward
1 - 71% - 55% - 2:54
2 - 29% - 45% - 1:10
PK Defense
1 - 75% - 55% - 3:02
2 - 25% - 45% - 1:02
PK3 Forward
1 - 0% - 55%
2 - 0% - 45%
PK3 Defense
1 - 0% - 55%
2 - 0% - 45%
44 Forward
1 - 0% - 55%
2 - 0% - 45%
44 Defense
1 - 0% - 55%
2 - 0% - 45%
Last Minute Offensive  - 0:00
Last Minute Defensive  - 0:00
Total
Forward - 60:00
Defense - 60:00

% Time on Ice - KELOWNA ROCKETS

Lines # - Real PCT - Wanted PCT - Time Play
Normal Forward
1 - 34% - 36% - 17:09
2 - 32% - 36% - 16:00
3 - 28% - 28% - 13:56
4 - 7% - 0% - 3:23
Normal Defense
1 - 36% - 37% - 18:16
2 - 33% - 35% - 16:48
3 - 31% - 28% - 15:24
4 - 0% - 0% - 0:00
PP Forward
1 - 51% - 65% - 2:04
2 - 49% - 35% - 2:00
PP Defense
1 - 51% - 65% - 2:05
2 - 49% - 35% - 1:59
PK Forward
1 - 91% - 65% - 4:58
2 - 9% - 35% - 0:30
PK Defense
1 - 48% - 55% - 2:36
2 - 52% - 45% - 2:52
PK3 Forward
1 - 0% - 50%
2 - 0% - 50%
PK3 Defense
1 - 0% - 55%
2 - 0% - 45%
44 Forward
1 - 0% - 55%
2 - 0% - 45%
44 Defense
1 - 0% - 55%
2 - 0% - 45%
Last Minute Offensive  - 0:00
Last Minute Defensive  - 0:00
Total
Forward - 60:00
Defense - 60:00

Play-by-Play

1st period


0:01 of 1st period - Auston Matthews wins face-off versus Boone Jenner in neutral zone.
0:46 of 1st period - Shot by Pavel Buchnevich.
0:46 of 1st period - Shot Misses the Net.
0:48 of 1st period - Shot by Adam Fox.
0:48 of 1st period - Stopped by John Gibson with a rebound.
1:06 of 1st period - Shot by Tyler Bertuzzi.
1:06 of 1st period - Stopped by John Gibson without a rebound.
1:07 of 1st period - Tomas Nosek wins face-off versus Tyler Johnson in KANSAS CITY KILLERBEES zone.
1:18 of 1st period - Shot by Tyler Johnson.
1:18 of 1st period - Stopped by Antti Raanta without a rebound.
1:18 of 1st period - Minor Penalty to Kyle Burroughs for Holding.
1:19 of 1st period - J.T. Compher wins face-off versus Tyler Johnson in KELOWNA ROCKETS zone.
1:38 of 1st period - Shot by Tyler Johnson.
1:38 of 1st period - Shot Misses the Net.
1:40 of 1st period - Shot by Alexis Lafreniere.
1:40 of 1st period - Stopped by Antti Raanta with a rebound.
1:42 of 1st period - Shot by Sean Walker.
1:42 of 1st period - Deflect By Tyler Johnson.
1:42 of 1st period - Goal by Tyler Johnson - KANSAS CITY KILLERBEES : 1 - KELOWNA ROCKETS : 0.
1:43 of 1st period - Tomas Nosek wins face-off versus Morgan Barron in neutral zone.
2:00 of 1st period - Shot by Calle Jarnkrok.
2:00 of 1st period - Stopped by John Gibson without a rebound.
2:01 of 1st period - Tyler Johnson wins face-off versus J.T. Compher in KANSAS CITY KILLERBEES zone.
2:01 of 1st period - Tyler Johnson is hit by Tyler Bertuzzi.
2:07 of 1st period - Shot by Alexis Lafreniere.
2:07 of 1st period - Deflect By Tyler Johnson.
2:07 of 1st period - Stopped by Antti Raanta without a rebound.
2:08 of 1st period - J.T. Compher wins face-off versus Tyler Johnson in KELOWNA ROCKETS zone.
2:10 of 1st period - Icing by Vladimir Tarasenko.
2:11 of 1st period - J.T. Compher wins face-off versus Tyler Johnson in KELOWNA ROCKETS zone.
2:20 of 1st period - Shot by J.T. Compher.
2:20 of 1st period - Shot Misses the Net.
2:22 of 1st period - Shot by Mark Giordano.
2:22 of 1st period - Shot Misses the Net.
3:05 of 1st period - Tyler Johnson is hit by Kyle Burroughs and loses puck.
3:20 of 1st period - Kyle Burroughs is hit by Alexis Lafreniere and loses puck.
3:41 of 1st period - Shot by Calle Jarnkrok.
3:41 of 1st period - Stopped by John Gibson without a rebound.
3:42 of 1st period - Morgan Barron wins face-off versus Auston Matthews in KANSAS CITY KILLERBEES zone.
3:47 of 1st period - Shot by Jakub Voracek.
3:47 of 1st period - Deflect By Morgan Barron.
3:47 of 1st period - Shot Misses the Net.
3:49 of 1st period - Shot by Morgan Barron.
3:49 of 1st period - Stopped by Antti Raanta with a rebound.
3:51 of 1st period - Shot by Jakub Voracek.
3:51 of 1st period - Shot Misses the Net.
4:53 of 1st period - Icing by Vladimir Tarasenko.
4:54 of 1st period - J.T. Compher wins face-off versus Boone Jenner in KELOWNA ROCKETS zone.
4:54 of 1st period - J.T. Compher is hit by Boone Jenner.
4:55 of 1st period - Minor Penalty to Nicholas Paul for Roughing.
4:56 of 1st period - J.T. Compher wins face-off versus Boone Jenner in KANSAS CITY KILLERBEES zone.
5:11 of 1st period - Shot by J.T. Compher.
5:11 of 1st period - Stopped by John Gibson without a rebound.
5:12 of 1st period - Auston Matthews wins face-off versus Boone Jenner in KANSAS CITY KILLERBEES zone.
5:13 of 1st period - Shot by Adam Fox.
5:13 of 1st period - Shot Blocked by Mattias Ekholm.
5:15 of 1st period - Shot by Dmitri Orlov.
5:15 of 1st period - Shot Misses the Net.
5:19 of 1st period - Shot by Auston Matthews.
5:19 of 1st period - Deflect By Pavel Buchnevich.
5:19 of 1st period - Shot Misses the Net.
6:43 of 1st period - Shot by Tyler Bertuzzi.
6:43 of 1st period - Deflect By Valeri Nichushkin.
6:43 of 1st period - Stopped by John Gibson without a rebound.
6:44 of 1st period - Auston Matthews wins face-off versus James van Riemsdyk in KANSAS CITY KILLERBEES zone.
6:58 of 1st period - Icing by Sean Walker.
6:59 of 1st period - MacKenzie Entwistle wins face-off versus Calle Jarnkrok in KANSAS CITY KILLERBEES zone.
7:32 of 1st period - Shot by MacKenzie Entwistle.
7:32 of 1st period - Shot Misses the Net.
7:58 of 1st period - Shot by Philipp Kurashev.
7:58 of 1st period - Stopped by Antti Raanta without a rebound.
7:59 of 1st period - Morgan Barron wins face-off versus J.T. Compher in KELOWNA ROCKETS zone.
8:06 of 1st period - Shot by Jakub Voracek.
8:06 of 1st period - Stopped by Antti Raanta without a rebound.
8:07 of 1st period - Boone Jenner wins face-off versus J.T. Compher in KELOWNA ROCKETS zone.
8:19 of 1st period - Shot by Vladimir Tarasenko.
8:19 of 1st period - Stopped by John Gibson without a rebound.
8:20 of 1st period - Tyler Johnson wins face-off versus Auston Matthews in KANSAS CITY KILLERBEES zone.
9:00 of 1st period - Minor Penalty to Alexis Lafreniere for High sticking.
9:01 of 1st period - J.T. Compher wins face-off versus Boone Jenner in KANSAS CITY KILLERBEES zone.
9:01 of 1st period - Valeri Nichushkin is hit by K'Andre Miller and loses puck.
9:14 of 1st period - Shot by Anthony DeAngelo.
9:14 of 1st period - Stopped by John Gibson without a rebound.
9:15 of 1st period - Auston Matthews wins face-off versus James van Riemsdyk in KANSAS CITY KILLERBEES zone.
9:20 of 1st period - Shot by Auston Matthews.
9:20 of 1st period - Shot Blocked by Mattias Ekholm.
9:22 of 1st period - Shot by Auston Matthews.
9:22 of 1st period - Stopped by John Gibson without a rebound.
9:23 of 1st period - Boone Jenner wins face-off versus Auston Matthews in KANSAS CITY KILLERBEES zone.
10:16 of 1st period - Adam Fox is hit by Boone Jenner and loses puck.
10:27 of 1st period - Shot by Adam Fox.
10:27 of 1st period - Stopped by John Gibson with a rebound.
11:14 of 1st period - Jakub Voracek is hit by Mark Giordano and loses puck.
11:22 of 1st period - Off-side.
11:23 of 1st period - MacKenzie Entwistle wins face-off versus Noah Gregor in neutral zone.
11:26 of 1st period - Kyle Burroughs is hit by MacKenzie Entwistle and loses puck.
11:49 of 1st period - Shot by Lukas Sedlak.
11:49 of 1st period - Deflect By Derek Ryan.
11:49 of 1st period - Shot Misses the Net.
12:18 of 1st period - Shot by Pavel Dorofeyev.
12:18 of 1st period - Stopped by John Gibson with a rebound.
12:55 of 1st period - Off-side.
12:56 of 1st period - J.T. Compher wins face-off versus Boone Jenner in neutral zone.
13:09 of 1st period - Shot by Nicholas Paul.
13:09 of 1st period - Stopped by Antti Raanta with a rebound.
13:29 of 1st period - Shot by Vladimir Tarasenko.
13:29 of 1st period - Shot Blocked by K'Andre Miller.
13:35 of 1st period - Shot by J.T. Compher.
13:35 of 1st period - Stopped by John Gibson with a rebound.
13:56 of 1st period - Icing by Erik Brannstrom.
13:57 of 1st period - Auston Matthews wins face-off versus Tyler Johnson in KELOWNA ROCKETS zone.
14:12 of 1st period - Shot by Valeri Nichushkin.
14:12 of 1st period - Stopped by John Gibson without a rebound.
14:13 of 1st period - Tomas Nosek wins face-off versus Morgan Barron in KANSAS CITY KILLERBEES zone.
14:46 of 1st period - Shot by Zach Aston-Reese.
14:46 of 1st period - Shot Misses the Net.
14:58 of 1st period - Adam Fox is hit by Alexis Lafreniere and loses puck.
15:34 of 1st period - Shot by Tyler Johnson.
15:34 of 1st period - Shot Misses the Net.
16:08 of 1st period - Nicholas Paul is hit by Vladimir Tarasenko and loses puck.
16:17 of 1st period - Erik Brannstrom is hit by Boone Jenner and loses puck.
17:30 of 1st period - Shot by Pavel Buchnevich.
17:30 of 1st period - Shot Blocked by Mattias Ekholm.
18:33 of 1st period - Shot by Lukas Sedlak.
18:33 of 1st period - Stopped by John Gibson without a rebound.
18:34 of 1st period - Boone Jenner wins face-off versus Noah Gregor in KANSAS CITY KILLERBEES zone.
18:55 of 1st period - Shot by Noah Gregor.
18:55 of 1st period - Stopped by John Gibson without a rebound.
18:56 of 1st period - J.T. Compher wins face-off versus Tyler Johnson in KANSAS CITY KILLERBEES zone.
19:15 of 1st period - Shot by J.T. Compher.
19:15 of 1st period - Stopped by John Gibson without a rebound.
19:16 of 1st period - Boone Jenner wins face-off versus Auston Matthews in KANSAS CITY KILLERBEES zone.
19:30 of 1st period - Shot by Boone Jenner.
19:30 of 1st period - Stopped by Antti Raanta without a rebound.
19:31 of 1st period - Tyler Johnson wins face-off versus J.T. Compher in KELOWNA ROCKETS zone.
Goals for this period are 1 for KANSAS CITY KILLERBEES vs 0 for KELOWNA ROCKETS.
Shots for this period are 9 for KANSAS CITY KILLERBEES vs 16 for KELOWNA ROCKETS.

2nd period


0:01 of 2nd period - Auston Matthews wins face-off versus Boone Jenner in neutral zone.
0:38 of 2nd period - Philipp Kurashev is hit by Mark Giordano and loses puck.
0:41 of 2nd period - Shot by Philipp Kurashev.
0:41 of 2nd period - Stopped by Antti Raanta without a rebound.
0:42 of 2nd period - J.T. Compher wins face-off versus James van Riemsdyk in KELOWNA ROCKETS zone.
1:05 of 2nd period - Shot by Vladimir Tarasenko.
1:05 of 2nd period - Stopped by John Gibson without a rebound.
1:06 of 2nd period - Morgan Barron wins face-off versus Tomas Nosek in KANSAS CITY KILLERBEES zone.
1:06 of 2nd period - Morgan Barron is hit by Tomas Nosek.
1:16 of 2nd period - Icing by Zach Aston-Reese.
1:17 of 2nd period - Auston Matthews wins face-off versus Morgan Barron in KANSAS CITY KILLERBEES zone.
1:50 of 2nd period - Shot by Pavel Buchnevich.
1:50 of 2nd period - Shot Misses the Net.
1:52 of 2nd period - Shot by Valeri Nichushkin.
1:52 of 2nd period - Shot Misses the Net.
1:54 of 2nd period - Shot by Anthony DeAngelo.
1:54 of 2nd period - Stopped by John Gibson without a rebound.
1:55 of 2nd period - J.T. Compher wins face-off versus Boone Jenner in KANSAS CITY KILLERBEES zone.
1:55 of 2nd period - J.T. Compher is hit by Jacob Muzzin.
1:59 of 2nd period - Shot by J.T. Compher.
1:59 of 2nd period - Stopped by John Gibson with a rebound.
2:01 of 2nd period - Shot by Adam Fox.
2:01 of 2nd period - Goal by Adam Fox - KANSAS CITY KILLERBEES : 1 - KELOWNA ROCKETS : 1.
2:02 of 2nd period - Boone Jenner wins face-off versus J.T. Compher in neutral zone.
2:04 of 2nd period - Philipp Kurashev is hit by Dmitri Orlov and loses puck.
2:11 of 2nd period - Nicholas Paul is hit by Vladimir Tarasenko and loses puck.
3:13 of 2nd period - Icing by James van Riemsdyk.
3:14 of 2nd period - Tomas Nosek wins face-off versus Tyler Johnson in KANSAS CITY KILLERBEES zone.
3:15 of 2nd period - Shot by Pavel Dorofeyev.
3:15 of 2nd period - Deflect By Calle Jarnkrok.
3:15 of 2nd period - Stopped by John Gibson without a rebound.
3:16 of 2nd period - Auston Matthews wins face-off versus Tyler Johnson in KANSAS CITY KILLERBEES zone.
3:17 of 2nd period - Shot by Pavel Buchnevich.
3:17 of 2nd period - Stopped by John Gibson without a rebound.
3:18 of 2nd period - Auston Matthews wins face-off versus Tyler Johnson in KANSAS CITY KILLERBEES zone.
3:24 of 2nd period - Pavel Buchnevich is hit by Riley Stillman and loses puck.
3:37 of 2nd period - Shot by Auston Matthews.
3:37 of 2nd period - Stopped by John Gibson without a rebound.
3:38 of 2nd period - J.T. Compher wins face-off versus Morgan Barron in KANSAS CITY KILLERBEES zone.
3:45 of 2nd period - Shot by Vladimir Tarasenko.
3:45 of 2nd period - Stopped by John Gibson without a rebound.
3:46 of 2nd period - Boone Jenner wins face-off versus Auston Matthews in KANSAS CITY KILLERBEES zone.
3:50 of 2nd period - Icing by Philipp Kurashev.
3:51 of 2nd period - Boone Jenner wins face-off versus Valeri Nichushkin in KANSAS CITY KILLERBEES zone.
3:51 of 2nd period - Boone Jenner is hit by Auston Matthews.
5:31 of 2nd period - Shot by J.T. Compher.
5:31 of 2nd period - Stopped by John Gibson with a rebound.
6:08 of 2nd period - Off-side.
6:09 of 2nd period - Auston Matthews wins face-off versus Morgan Barron in neutral zone.
6:12 of 2nd period - Shot by Pavel Buchnevich.
6:12 of 2nd period - Stopped by John Gibson with a rebound.
6:38 of 2nd period - Shot by Morgan Barron.
6:38 of 2nd period - Stopped by Antti Raanta with a rebound.
6:40 of 2nd period - Shot by Morgan Barron.
6:40 of 2nd period - Shot Misses the Net.
6:42 of 2nd period - Shot by K'Andre Miller.
6:42 of 2nd period - Shot Blocked by Valeri Nichushkin.
6:44 of 2nd period - Shot by Mattias Ekholm.
6:44 of 2nd period - Stopped by Antti Raanta without a rebound.
6:45 of 2nd period - J.T. Compher wins face-off versus Boone Jenner in KELOWNA ROCKETS zone.
7:03 of 2nd period - Shot by Philipp Kurashev.
7:03 of 2nd period - Shot Misses the Net.
7:05 of 2nd period - Shot by Boone Jenner.
7:05 of 2nd period - Shot Misses the Net.
7:07 of 2nd period - Shot by Boone Jenner.
7:07 of 2nd period - Shot Misses the Net.
7:26 of 2nd period - J.T. Compher is hit by Jacob Muzzin.
7:33 of 2nd period - J.T. Compher is hit by Riley Stillman and loses puck.
7:58 of 2nd period - Shot by Auston Matthews.
7:58 of 2nd period - Stopped by John Gibson without a rebound.
7:59 of 2nd period - Auston Matthews wins face-off versus Morgan Barron in KANSAS CITY KILLERBEES zone.
7:59 of 2nd period - Auston Matthews is hit by Daniel Walcott.
8:20 of 2nd period - Shot by Auston Matthews.
8:20 of 2nd period - Stopped by John Gibson without a rebound.
8:21 of 2nd period - Tomas Nosek wins face-off versus Tyler Johnson in KANSAS CITY KILLERBEES zone.
8:22 of 2nd period - Shot by Anthony DeAngelo.
8:22 of 2nd period - Shot Misses the Net.
9:05 of 2nd period - Shot by Tyler Johnson.
9:05 of 2nd period - Deflect By James van Riemsdyk.
9:05 of 2nd period - Stopped by Antti Raanta with a rebound.
9:12 of 2nd period - Icing by Anthony DeAngelo.
9:13 of 2nd period - Tomas Nosek wins face-off versus Nicholas Paul in KELOWNA ROCKETS zone.
9:45 of 2nd period - Shot by Philipp Kurashev.
9:45 of 2nd period - Stopped by Antti Raanta without a rebound.
9:46 of 2nd period - Auston Matthews wins face-off versus Morgan Barron in KELOWNA ROCKETS zone.
10:18 of 2nd period - Valeri Nichushkin is hit by Daniel Walcott and loses puck.
11:00 of 2nd period - Icing by Sean Walker.
11:01 of 2nd period - Morgan Barron wins face-off versus Noah Gregor in KANSAS CITY KILLERBEES zone.
11:50 of 2nd period - Mattias Ekholm is hit by Mark Giordano and loses puck.
11:56 of 2nd period - Boone Jenner is hit by Mark Giordano and loses puck.
13:07 of 2nd period - Erik Brannstrom is hit by Alexis Lafreniere and loses puck.
13:15 of 2nd period - Icing by Erik Brannstrom.
13:16 of 2nd period - Auston Matthews wins face-off versus MacKenzie Entwistle in KELOWNA ROCKETS zone.
13:23 of 2nd period - Shot by Valeri Nichushkin.
13:23 of 2nd period - Shot Misses the Net.
13:31 of 2nd period - Kyle Burroughs is hit by MacKenzie Entwistle and loses puck.
14:13 of 2nd period - Icing by Adam Fox.
14:14 of 2nd period - Boone Jenner wins face-off versus Tomas Nosek in KELOWNA ROCKETS zone.
14:21 of 2nd period - Shot by Philipp Kurashev.
14:21 of 2nd period - Shot Blocked by Tomas Nosek.
14:23 of 2nd period - Shot by Nicholas Paul.
14:23 of 2nd period - Stopped by Antti Raanta without a rebound.
14:24 of 2nd period - J.T. Compher wins face-off versus Tyler Johnson in KELOWNA ROCKETS zone.
14:28 of 2nd period - Icing by J.T. Compher.
14:29 of 2nd period - Boone Jenner wins face-off versus J.T. Compher in KELOWNA ROCKETS zone.
14:36 of 2nd period - Nicholas Paul is hit by Vladimir Tarasenko and loses puck.
14:46 of 2nd period - Jacob Muzzin is hit by Anthony DeAngelo and loses puck.
15:00 of 2nd period - Shot by Philipp Kurashev.
15:00 of 2nd period - Deflect By Boone Jenner.
15:00 of 2nd period - Stopped by Antti Raanta without a rebound.
15:01 of 2nd period - Tomas Nosek wins face-off versus Tyler Johnson in KELOWNA ROCKETS zone.
15:01 of 2nd period - Tomas Nosek is hit by Alexis Lafreniere.
15:24 of 2nd period - Minor Penalty to Dmitri Orlov for Hooking.
15:25 of 2nd period - Boone Jenner wins face-off versus J.T. Compher in KELOWNA ROCKETS zone.
15:26 of 2nd period - Shot by K'Andre Miller.
15:26 of 2nd period - Shot Blocked by J.T. Compher.
16:06 of 2nd period - Shot by Boone Jenner.
16:06 of 2nd period - Shot Blocked by Anthony DeAngelo.
16:25 of 2nd period - Shot by Tyler Johnson.
16:25 of 2nd period - Stopped by Antti Raanta without a rebound.
16:26 of 2nd period - Nicholas Paul wins face-off versus J.T. Compher in KELOWNA ROCKETS zone.
16:34 of 2nd period - Icing by Nicholas Paul.
16:35 of 2nd period - J.T. Compher wins face-off versus Tyler Johnson in KANSAS CITY KILLERBEES zone.
16:42 of 2nd period - Shot by J.T. Compher.
16:42 of 2nd period - Shot Misses the Net.
16:50 of 2nd period - Valeri Nichushkin is hit by Jacob Muzzin and loses puck.
17:05 of 2nd period - Shot by Tyler Johnson.
17:05 of 2nd period - Shot Misses the Net.
17:07 of 2nd period - Shot by Tyler Johnson.
17:07 of 2nd period - Shot Misses the Net.
17:09 of 2nd period - Shot by Sean Walker.
17:09 of 2nd period - Stopped by Antti Raanta without a rebound.
17:10 of 2nd period - Boone Jenner wins face-off versus Auston Matthews in KELOWNA ROCKETS zone.
17:13 of 2nd period - Shot by Philipp Kurashev.
17:13 of 2nd period - Stopped by Antti Raanta with a rebound.
17:15 of 2nd period - Shot by K'Andre Miller.
17:15 of 2nd period - Shot Misses the Net.
17:30 of 2nd period - Icing by Dmitri Orlov.
17:31 of 2nd period - Morgan Barron wins face-off versus Pavel Dorofeyev in KELOWNA ROCKETS zone.
17:34 of 2nd period - Shot by Jakub Voracek.
17:34 of 2nd period - Shot Blocked by Adam Fox.
17:43 of 2nd period - Jakub Voracek is hit by Dmitri Orlov.
18:08 of 2nd period - Zach Aston-Reese is hit by Dmitri Orlov and loses puck.
18:44 of 2nd period - Shot by Lukas Sedlak.
18:44 of 2nd period - Shot Misses the Net.
18:52 of 2nd period - Shot by Philipp Kurashev.
18:52 of 2nd period - Shot Hit the Post.
18:54 of 2nd period - Shot by Mattias Ekholm.
18:54 of 2nd period - Stopped by Antti Raanta without a rebound.
18:55 of 2nd period - Auston Matthews wins face-off versus Tyler Johnson in KELOWNA ROCKETS zone.
19:17 of 2nd period - Icing by Jacob Muzzin.
19:18 of 2nd period - J.T. Compher wins face-off versus Tyler Johnson in KANSAS CITY KILLERBEES zone.
19:19 of 2nd period - Shot by Vladimir Tarasenko.
19:19 of 2nd period - Shot Blocked by Jacob Muzzin.
19:33 of 2nd period - Shot by Tyler Johnson.
19:33 of 2nd period - Shot Misses the Net.
19:35 of 2nd period - Shot by Alexis Lafreniere.
19:35 of 2nd period - Shot Blocked by J.T. Compher.
19:37 of 2nd period - Shot by Tyler Johnson.
19:37 of 2nd period - Stopped by Antti Raanta without a rebound.
19:38 of 2nd period - Boone Jenner wins face-off versus Auston Matthews in KELOWNA ROCKETS zone.
19:42 of 2nd period - Philipp Kurashev is hit by Dmitri Orlov and loses puck.
Goals for this period are 0 for KANSAS CITY KILLERBEES vs 1 for KELOWNA ROCKETS.
Shots for this period are 12 for KANSAS CITY KILLERBEES vs 12 for KELOWNA ROCKETS.

3rd period


0:01 of 3rd period - Boone Jenner wins face-off versus J.T. Compher in neutral zone.
0:16 of 3rd period - Shot by Tyler Bertuzzi.
0:16 of 3rd period - Stopped by John Gibson without a rebound.
0:17 of 3rd period - Auston Matthews wins face-off versus Tyler Johnson in KANSAS CITY KILLERBEES zone.
1:14 of 3rd period - Icing by Dmitri Orlov.
1:15 of 3rd period - Boone Jenner wins face-off versus Auston Matthews in KELOWNA ROCKETS zone.
1:48 of 3rd period - Shot by Vladimir Tarasenko.
1:48 of 3rd period - Deflect By J.T. Compher.
1:48 of 3rd period - Stopped by John Gibson without a rebound.
1:49 of 3rd period - Morgan Barron wins face-off versus Tomas Nosek in KANSAS CITY KILLERBEES zone.
2:18 of 3rd period - Calle Jarnkrok is hit by Daniel Walcott and loses puck.
2:21 of 3rd period - Shot by Calle Jarnkrok.
2:21 of 3rd period - Stopped by John Gibson with a rebound.
2:26 of 3rd period - Icing by Sean Walker.
2:27 of 3rd period - Morgan Barron wins face-off versus J.T. Compher in KANSAS CITY KILLERBEES zone.
2:27 of 3rd period - Morgan Barron is hit by Vladimir Tarasenko.
5:23 of 3rd period - Shot by Morgan Barron.
5:23 of 3rd period - Shot Blocked by Kyle Burroughs.
5:28 of 3rd period - Icing by Pavel Dorofeyev.
5:29 of 3rd period - Tomas Nosek wins face-off versus Denis Gurianov in KELOWNA ROCKETS zone.
5:50 of 3rd period - Shot by MacKenzie Entwistle.
5:50 of 3rd period - Shot Misses the Net.
6:00 of 3rd period - Shot by Denis Gurianov.
6:00 of 3rd period - Stopped by Antti Raanta without a rebound.
6:01 of 3rd period - Auston Matthews wins face-off versus Morgan Barron in KELOWNA ROCKETS zone.
6:01 of 3rd period - Auston Matthews is hit by Morgan Barron.
6:13 of 3rd period - Shot by Valeri Nichushkin.
6:13 of 3rd period - Shot Blocked by Riley Stillman.
6:20 of 3rd period - Icing by Adam Fox.
6:21 of 3rd period - Tyler Johnson wins face-off versus Auston Matthews in KELOWNA ROCKETS zone.
6:43 of 3rd period - Alexis Lafreniere is hit by Dmitri Orlov and loses puck.
7:00 of 3rd period - Tyler Johnson is hit by Pavel Buchnevich and loses puck.
7:13 of 3rd period - Icing by Dmitri Orlov.
7:14 of 3rd period - Boone Jenner wins face-off versus Auston Matthews in KELOWNA ROCKETS zone.
7:14 of 3rd period - Boone Jenner is hit by Dmitri Orlov.
7:19 of 3rd period - Minor Penalty to Adam Fox for High sticking.
7:20 of 3rd period - Boone Jenner wins face-off versus J.T. Compher in KELOWNA ROCKETS zone.
7:21 of 3rd period - Shot by Philipp Kurashev.
7:21 of 3rd period - Shot Misses the Net.
8:25 of 3rd period - Shot by Alexis Lafreniere.
8:25 of 3rd period - Goal by Alexis Lafreniere - KANSAS CITY KILLERBEES : 2 - KELOWNA ROCKETS : 1.
8:26 of 3rd period - Tomas Nosek wins face-off versus Morgan Barron in neutral zone.
8:32 of 3rd period - Off-side.
8:33 of 3rd period - Tomas Nosek wins face-off versus Morgan Barron in neutral zone.
8:37 of 3rd period - Anthony DeAngelo is hit by Riley Stillman and loses puck.
8:58 of 3rd period - Shot by Pavel Dorofeyev.
8:58 of 3rd period - Stopped by John Gibson without a rebound.
8:59 of 3rd period - Boone Jenner wins face-off versus Vladimir Tarasenko in KANSAS CITY KILLERBEES zone.
10:14 of 3rd period - Shot by Auston Matthews.
10:14 of 3rd period - Shot Misses the Net.
10:17 of 3rd period - Icing by Boone Jenner.
10:18 of 3rd period - Boone Jenner wins face-off versus Tomas Nosek in KANSAS CITY KILLERBEES zone.
10:18 of 3rd period - Boone Jenner is hit by Tomas Nosek.
10:40 of 3rd period - Shot by Calle Jarnkrok.
10:40 of 3rd period - Goal by Calle Jarnkrok - KANSAS CITY KILLERBEES : 2 - KELOWNA ROCKETS : 2.
10:41 of 3rd period - Auston Matthews wins face-off versus Morgan Barron in neutral zone.
10:55 of 3rd period - Shot by Morgan Barron.
10:55 of 3rd period - Stopped by Antti Raanta without a rebound.
10:56 of 3rd period - J.T. Compher wins face-off versus Tyler Johnson in KELOWNA ROCKETS zone.
11:09 of 3rd period - Shot by J.T. Compher.
11:09 of 3rd period - Shot Misses the Net.
11:11 of 3rd period - Shot by J.T. Compher.
11:11 of 3rd period - Shot Misses the Net.
11:13 of 3rd period - Shot by J.T. Compher.
11:13 of 3rd period - Goal by J.T. Compher - KANSAS CITY KILLERBEES : 2 - KELOWNA ROCKETS : 3.
11:14 of 3rd period - Auston Matthews wins face-off versus Morgan Barron in neutral zone.
11:21 of 3rd period - Shot by Pavel Buchnevich.
11:21 of 3rd period - Stopped by John Gibson without a rebound.
11:22 of 3rd period - J.T. Compher wins face-off versus Tyler Johnson in KANSAS CITY KILLERBEES zone.
11:23 of 3rd period - Shot by Vladimir Tarasenko.
11:23 of 3rd period - Shot Misses the Net.
11:37 of 3rd period - Shot by Vladimir Tarasenko.
11:37 of 3rd period - Stopped by John Gibson without a rebound.
11:38 of 3rd period - Auston Matthews wins face-off versus Boone Jenner in KANSAS CITY KILLERBEES zone.
11:43 of 3rd period - Shot by Auston Matthews.
11:43 of 3rd period - Shot Misses the Net.
12:02 of 3rd period - Off-side.
12:03 of 3rd period - J.T. Compher wins face-off versus Tyler Johnson in neutral zone.
12:17 of 3rd period - James van Riemsdyk is hit by J.T. Compher and loses puck.
13:13 of 3rd period - Shot by Auston Matthews.
13:13 of 3rd period - Goal by Auston Matthews - KANSAS CITY KILLERBEES : 2 - KELOWNA ROCKETS : 4.
13:14 of 3rd period - Calle Jarnkrok wins face-off versus Morgan Barron in neutral zone.
13:47 of 3rd period - Shot by Tomas Nosek.
13:47 of 3rd period - Shot Blocked by Daniel Walcott.
13:49 of 3rd period - Shot by Calle Jarnkrok.
13:49 of 3rd period - Stopped by John Gibson with a rebound.
13:51 of 3rd period - Shot by Tomas Nosek.
13:51 of 3rd period - Shot Blocked by Daniel Walcott.
13:53 of 3rd period - Shot by Erik Brannstrom.
13:53 of 3rd period - Stopped by John Gibson without a rebound.
13:54 of 3rd period - Boone Jenner wins face-off versus Auston Matthews in KANSAS CITY KILLERBEES zone.
13:54 of 3rd period - Boone Jenner is hit by Valeri Nichushkin.
13:55 of 3rd period - Minor Penalty to Auston Matthews for High sticking.
13:56 of 3rd period - J.T. Compher wins face-off versus Boone Jenner in KELOWNA ROCKETS zone.
14:13 of 3rd period - Shot by Mattias Ekholm.
14:13 of 3rd period - Stopped by Antti Raanta without a rebound.
14:14 of 3rd period - J.T. Compher wins face-off versus Tyler Johnson in KELOWNA ROCKETS zone.
16:03 of 3rd period - Shot by Jaret Anderson-Dolan.
16:03 of 3rd period - Shot Blocked by Erik Brannstrom.
16:05 of 3rd period - Shot by Jaret Anderson-Dolan.
16:05 of 3rd period - Shot Misses the Net.
16:07 of 3rd period - Shot by Jaret Anderson-Dolan.
16:07 of 3rd period - Deflect By MacKenzie Entwistle.
16:07 of 3rd period - Stopped by Antti Raanta with a rebound.
16:09 of 3rd period - Shot by Jaret Anderson-Dolan.
16:09 of 3rd period - Stopped by Antti Raanta without a rebound.
16:10 of 3rd period - Tomas Nosek wins face-off versus Morgan Barron in KELOWNA ROCKETS zone.
17:19 of 3rd period - Shot by Denis Gurianov.
17:19 of 3rd period - Stopped by Antti Raanta without a rebound.
17:20 of 3rd period - Boone Jenner wins face-off versus J.T. Compher in KELOWNA ROCKETS zone.
17:41 of 3rd period - Boone Jenner is hit by Tyler Bertuzzi and loses puck.
18:18 of 3rd period - Jacob Muzzin is hit by J.T. Compher and loses puck.
18:49 of 3rd period - Shot by Auston Matthews.
18:49 of 3rd period - Shot Blocked by Tyler Johnson.
19:12 of 3rd period - Shot by Pavel Buchnevich.
19:12 of 3rd period - Stopped by John Gibson without a rebound.
19:13 of 3rd period - Tomas Nosek wins face-off versus Morgan Barron in KANSAS CITY KILLERBEES zone.
19:17 of 3rd period - Calle Jarnkrok is hit by Daniel Walcott and loses puck.
19:25 of 3rd period - Icing by Sean Walker.
19:26 of 3rd period - Noah Gregor wins face-off versus Morgan Barron in KANSAS CITY KILLERBEES zone.
19:53 of 3rd period - Minor Penalty to Morgan Barron for Tripping.
19:54 of 3rd period - Pavel Buchnevich wins face-off versus Boone Jenner in KANSAS CITY KILLERBEES zone.
Goals for this period are 1 for KANSAS CITY KILLERBEES vs 3 for KELOWNA ROCKETS.
Shots for this period are 7 for KANSAS CITY KILLERBEES vs 12 for KELOWNA ROCKETS.


BLAKE
WHEELER
STEVEN
STAMKOS
DREW
DOUGHTY

EAST COAST

HOCKEY LEAGUE

  • 63.RHI2PIT5
  • 64.WOR4ATL3
  • 65.QUECHW
  • 66.CHATRV